 Dungeon Crawl Stone Soup version 0.17-a0-1208-g5ea1814 (webtiles) character file.

6521 AnnoyedKobold the Thaumaturge (level 10, -8/71 HPs)
             Began as a Grey Draconian Ice Elementalist on June 4, 2015.
             Was a Believer of Vehumet.
             Hit by a large rock thrown by a cyclops (32 damage)
             ... on level 10 of the Dungeon.
             The game lasted 00:46:14 (14380 turns).

AnnoyedKobold the Thaumaturge (DrIE)               Turns: 14380, Time: 00:46:14

Health: -8/71      AC: 14    Str: 10    XL:     10   Next: 69%
Magic:  3/27       EV: 11    Int: 18    God:    Vehumet [**....]
Gold:   584        SH:  3    Dex: 13    Spells: 3 memorised, 19 levels left

rFire  . . .     SeeInvis .     B - +5 mace (holy)
rCold  . . .     Clarity  .     (armour unavailable)
rNeg   . . .     SustAt   .     k - +0 buckler
rPois  +         Gourm    .     (helmet restricted)
rElec  .         Spirit   .     t - +0 cloak
rCorr  .         Warding  .     (no gloves)
rMut   .         Stasis   .     D - +0 pair of boots
MR     .....                    l - amulet of rage
Stlth  ++........               j - ring of magical power
                                A - ring of poison resistance

@: not resistant to hostile enchantments, unstealthy
A: walk through water, unfitting armour, claws 1, blurry vision 1, low mp 2,
unbreathing, cold-blooded, AC +12
a: Renounce Religion, Evoke Berserk Rage


You were on level 10 of the Dungeon.
You worshipped Vehumet.
Vehumet was pleased with you.
You were very hungry.

You visited 2 branches of the dungeon, and saw 11 of its levels.
You also visited: Sewer.

You collected 647 gold pieces.
You spent 63 gold pieces at shops.

Inventory:

Hand weapons
 c - a +0 short sword
 e - a +0 hand axe
 B - a +5 mace of holy wrath (weapon)
Missiles
 g - 7 silver tomahawks (quivered)
 n - 39 stones
 O - 21 silver bolts
Armour
 k - a +0 buckler (worn)
 t - a +0 cloak (worn)
 D - a +0 pair of boots (worn)
Jewellery
 j - a ring of magical power (right claw)
 l - an amulet of rage (around neck)
 o - an uncursed ring of positive energy
 A - a ring of poison resistance (left claw)
 J - an uncursed ring of sustain attributes
Magical devices
 y - a wand of digging (6)
 E - a wand of disintegration (4)
 F - a wand of flame (6)
Scrolls
 d - 3 scrolls of amnesia {unknown}
 h - a scroll of recharging {unknown}
 i - 6 scrolls of remove curse
 q - 3 scrolls of fear {unknown}
 s - 2 scrolls of teleportation
 x - 2 scrolls of random uselessness {unknown}
 C - a scroll of enchant armour {unknown}
 H - 2 scrolls of fog {unknown}
 I - a scroll of vulnerability {unknown}
 L - 2 scrolls of magic mapping {unknown}
 N - 2 scrolls of identify
Potions
 f - 6 potions of curing
 m - a potion of lignification
 p - 3 potions of magic
 u - 3 potions of brilliance
 w - 2 potions of agility
 K - 2 potions of flight
Books
 a - a book of Frost

   Spells                             Type                      Level
   a - Freeze                         Ice                          1
   b - Throw Frost                    Conjuration/Ice              2
   c - Ozocubu's Armour               Charms/Ice                   3
   d - Throw Icicle                   Conjuration/Ice              4
   e - Summon Ice Beast               Ice/Summoning                4
   f - Condensation Shield            Ice                          4
 r - a book of Dreams

   Spells                             Type                      Level
   a - Ensorcelled Hibernation        Hexes/Ice                    2
   b - Phase Shift                    Translocation                5
   c - Shadow Creatures               Summoning                    5
   d - Silence                        Hexes/Air                    5
   e - Mass Confusion                 Hexes                        6
   f - Darkness                       Hexes                        7
Comestibles
 b - 6 bread rations
 v - 4 meat rations
 z - 2 beef jerkies


   Skills:
 - Level 1.0 Fighting
 - Level 0.4 Short Blades
 + Level 8.4 Dodging
 - Level 2.1 Stealth
 - Level 9.0 Spellcasting
 - Level 7.6 Conjurations
 - Level 6.7 Ice Magic


You had 19 spell levels left.
You knew the following spells:

 Your Spells              Type           Power        Failure   Level  Hunger
a - Freeze                Ice            ####         1%          1    None
b - Throw Icicle          Conj/Ice       ####....     10%         4    ###....
c - Ozocubu's Armour      Chrm/Ice       ###.....     12%         3    None


Dungeon Overview and Level Annotations

Branches:
Dungeon (10/15)            Temple (1/1) D:7
   Lair: D:8-11         Orc: D:9-12

Altars:
Ashenzari
Cheibriados
Dithmenos
Elyvilon
Fedhas
Gozag
Kikubaaqudgha
Makhleb
Nemelex Xobeh
Okawaru
Qazlal
Ru
Sif Muna
Trog
Vehumet
Xom
Yredelemnul
Zin
The Shining One

Shops:
D:4 %

Annotations:
D:9 Erolcha


Innate Abilities, Weirdness & Mutations

You can walk through water.
Your dull iron-grey scales are very hard (AC +12).
Your body does not fit into most forms of armour.
You can survive without breathing.
You are cold-blooded and may be slowed by cold attacks.
You have sharp fingernails.
Scrolls take you a little longer to read.
Your magical capacity is very low (-20% MP).


Message History

Aim: a yak (heavily wounded)
You freeze the yak.
The yak is heavily wounded.
You are feeling very hungry.
The yak gores you!
* * * LOW HITPOINT WARNING * * *
Casting: Freeze
Confirm with . or Enter, or press ? or * to list all spells.
Aiming: Freeze
Press: ? - help, Shift-Dir - straight line, f/p - yak
Aim: a yak (heavily wounded)
You freeze the yak.
The yak is severely wounded.
The yak barely misses you. The yak closely misses you.
A cyclops comes into view.
There is a stone staircase leading up here.
The cyclops shouts!
The cyclops throws a large rock.
The large rock hits you!!
You die...

#.# ##...######......... #.##
##.Y...##.........##. #..##
##...Y...#........###.
##...####.................###.
#.......'....Y................
##...####................####.
#..## ##..Y....#.......# #.
#.## ##..Y..##.......####.
#.## ##.@.######...>..... #..#
##'## #.######## ####.#### #.#
#.# #.......# #.# #.#
#.##.##.######.### #.#
#.##.##..........#####.#
#.##.##..###...........#
#.##.........C....######
#.#####..###.#.#..#


You could see a cyclops and 5 yaks.

Vanquished Creatures
  The ghost of sammcf the Carver, an experienced MiFi (D:7)
  A kobold demonologist (D:9)
  A two-headed ogre (D:8)
  A troll (D:10)
  7 yaks
  Sigmund (D:6)
  A hungry ghost (D:8)
  A hippogriff (D:10)
  Edmund (D:6)
  An orc warrior (D:10)
  3 water moccasins
  A black bear (D:6)
  3 sky beasts
  5 ogres
  3 ice beasts
  A phantom (D:10)
  2 big kobolds
  Blork the orc (D:4)
  A gnoll sergeant (D:8)
  6 giant frogs
  5 killer bees (D:8)
  A wyvern skeleton (D:7)
  4 scorpions
  5 crimson imps
  3 hounds
  A centaur skeleton (D:4)
  2 orc wizards
  4 worker ants
  A giant frog skeleton (D:7)
  Terence (D:2)
  5 iguanas
  6 orc priests
  A worker ant zombie (D:10)
  6 gnolls
  5 river rats
  A shadow imp (D:7)
  A white imp (D:6)
  8 adders
  2 oozes
  2 worms
  A giant gecko (D:5)
  28 orcs
  5 ball pythons
  A bat skeleton (D:7)
  A bat zombie (D:8)
  A giant cockroach (D:4)
  16 hobgoblins
  7 jackals
  29 kobolds
  6 quokkas
  A ball python zombie (D:5)
  15 bats
  A giant gecko skeleton (D:5)
  A giant gecko zombie (D:6)
  9 giant newts
  17 goblins
  A jackal skeleton (D:4)
  A jackal zombie (D:6)
  19 rats
266 creatures vanquished.

Vanquished Creatures (others)
  2 plants (D:4)
2 creatures vanquished.

Grand Total: 268 creatures vanquished

Notes
Turn   | Place    | Note
--------------------------------------------------------------
     0 | D:1      | AnnoyedKobold the Draconian Ice Elementalist began the quest for the Orb.
     0 | D:1      | Reached XP level 1. HP: 14/14 MP: 3/3
   514 | D:1      | Reached XP level 2. HP: 17/20 MP: 0/5
  1522 | D:1      | Reached XP level 3. HP: 26/26 MP: 3/6
  1778 | D:2      | Found a sacrificial altar of Ru.
  1861 | D:2      | Noticed Terence
  2375 | D:2      | Killed Terence
  2651 | D:2      | Reached XP level 4. HP: 22/33 MP: 1/8
  3230 | D:3      | Found a basalt altar of Yredelemnul.
  3311 | D:3      | Found a glowing drain.
  3322 | Sewer    | Entered a sewer
  3703 | Sewer    | Noticed yottam's ghost (average HuWn)
  4378 | D:3      | Reached skill level 4 in Ice Magic
  4397 | D:3      | Reached skill level 1 in Fighting
  4397 | D:3      | Reached XP level 5. HP: 16/40 MP: 5/10
  4885 | D:4      | Noticed Blork the orc
  4899 | D:4      | Killed Blork the orc
  4991 | D:4      | Found a sparkling altar of Nemelex Xobeh.
  5019 | D:4      | Found Kouskoru's Food Emporium.
  5034 | D:4      | Bought a beef jerky for 21 gold pieces
  5034 | D:4      | Bought a beef jerky for 21 gold pieces
  5034 | D:4      | Bought a beef jerky for 21 gold pieces
  5042 | D:4      | Noticed an ogre
  5053 | D:4      | Reached XP level 6. HP: 42/47 MP: 6/11
  5158 | D:4      | Killed an ogre
  5158 | D:4      | Reached skill level 5 in Ice Magic
  6605 | D:5      | Entered Level 5 of the Dungeon
  6689 | D:5      | Reached skill level 5 in Spellcasting
  6689 | D:5      | Your scales start taking on a dull iron-grey colour.
  6689 | D:5      | Gained mutation: You can survive without breathing. [Grey Draconian growth]
  6689 | D:5      | Reached XP level 7. HP: 15/52 MP: 14/14
  7311 | D:5      | Reached skill level 6 in Ice Magic
  7391 | D:5      | Learned a level 4 spell: Throw Icicle
  8146 | D:6      | Learned a level 3 spell: Ozocubu's Armour
  8284 | D:6      | Noticed Sigmund
  8296 | D:6      | Killed Sigmund
  8296 | D:6      | Reached XP level 8. HP: 36/59 MP: 9/17
  9005 | D:6      | Noticed Edmund
  9018 | D:6      | Killed Edmund
  9107 | D:6      | Reached skill level 7 in Spellcasting
  9693 | D:6      | Reached skill level 5 in Conjurations
 10018 | D:7      | Noticed sammcf's ghost (experienced MiFi)
 10026 | D:7      | Reached XP level 9. HP: 57/64 MP: 9/20
 10051 | D:7      | Killed sammcf's ghost
 10051 | D:7      | Reached skill level 8 in Spellcasting
 10541 | D:7      | Found a staircase to the Ecumenical Temple.
 10567 | Temple   | Entered the Ecumenical Temple
 10667 | Temple   | Became a worshipper of Vehumet
 11371 | D:8      | Reached skill level 9 in Spellcasting
 11517 | D:8      | Acquired Vehumet's first power
 11517 | D:8      | Offered knowledge of Sandblast by Vehumet.
 11663 | D:8      | Reached XP level 10. HP: 46/71 MP: 23/23
 12246 | D:9      | Reached skill level 5 in Dodging
 12447 | D:9      | Noticed a purple ugly thing
 12499 | D:9      | Noticed Erolcha
 12508 | D:10     | Entered Level 10 of the Dungeon
 13606 | D:10     | Offered knowledge of Magic Dart by Vehumet.
 13956 | D:10     | Gained mutation: You have sharp fingernails. [mutagenic meat]
 13957 | D:10     | Gained mutation: Your magical capacity is low (-10% MP). [mutagenic meat]
 13958 | D:10     | Gained mutation: Scrolls take you a little longer to read. [mutagenic meat]
 13959 | D:10     | Gained mutation: Your magical capacity is very low (-20% MP). [mutagenic meat]
 14379 | D:10     | Noticed a cyclops
 14380 | D:10     | Hit by a large rock thrown by a cyclops

Vault maps used:
D:1:      dpeg_arrival_morbid_curiosity
D:2:      minmay_misc_feat_plants, nicolae_ru_sacrificial_ziggurat, uniq_terence
D:3:      overflow_temple_1_default, first_bread, portal_sewer_entry_d
D:4:      wad_woods_stonehenge, serial_shops, shop, kennysheep_generic_room_4,
          uniq_blork_the_orc
D:6:      minmay_fire_ice_demons, uniq_sigmund, uniq_edmund
D:7:      minmay_temple_entry_hall
D:8:      grunt_livestock, trog_butcher_becter
D:9:      dpeg_oklobed_lair, uniq_pikel, uniq_erolcha
D:10:     hangedman_abyss_or_decor_stagger
Temple:   kilobyte_greek_temple_18
Sewer:    sewer_co_cracked_pipes

Action                   |  1- 3 |  4- 6 |  7- 9 | 10-12 || total
-------------------------+-------+-------+-------+-------++-------
Melee: Unarmed           |    25 |       |       |       ||    25
       Short sword       |    53 |   220 |   107 |       ||   380
       Mace              |       |       |   155 |    64 ||   219
       Hand axe          |       |       |       |    23 ||    23
Throw: Tomahawk          |       |       |    19 |       ||    19
 Cast: Freeze            |    57 |   104 |   186 |   103 ||   450
       Ozocubu's Armour  |       |       |     7 |    10 ||    17
       Throw Icicle      |       |       |     7 |    26 ||    33
 Abil: Evoke Berserk Rag |       |     1 |       |       ||     1
Evoke: Wand              |       |       |     3 |       ||     3
  Use: Scroll            |       |     8 |     9 |     4 ||    21
       Potion            |       |     1 |     3 |     5 ||     9
 Stab: Sleeping          |     1 |     4 |     5 |     1 ||    11
  Eat: Chunk             |     3 |    10 |    16 |    11 ||    40
       Meat ration       |     1 |       |       |       ||     1
       Beef jerky        |       |     1 |     2 |       ||     3
       Fruit             |       |       |     1 |     2 ||     3
       Royal jelly       |       |       |       |     1 ||     1
